 Dungeon Crawl Stone Soup version 0.30-a0-743-gbfdf073 (webtiles) character file.

Game seed: 16603159130052494773

229926 malesh the Bludgeoner (level 19, -7/105 HPs)
             Began as a Vine Stalker Fighter on Feb 6, 2023.
             Was the Champion of Elyvilon.
             Killed from afar by a death drake (11 damage)
             ... with a foul vapour
             ... on level 3 of the Abyss on Feb 8, 2023.
             The game lasted 02:22:30 (31968 turns).

malesh the Bludgeoner (Vine Stalker Fighter)       Turns: 31968, Time: 02:22:30

Health: -7/105     AC: 36    Str: 32    XL:     19   Next: 46%
Magic:  0/28       EV: 17    Int: 13    God:    Elyvilon [******]
Gold:   429        SH: 19    Dex: 15    Spells: 18/18 levels left

rFire   . . .      SeeInvis .    a - +4 morningstar (flame)
rCold   . . .      Faith    .    l - +1 tower shield {AC+3}
rNeg    . . .      Spirit   +    I - +4 plate armour "Pinotawa" {rPois Int+5 Slay+2}
rPois   +          Reflect  .    S - +1 helmet
rElec   +          Harm     .    m - +2 cloak
rCorr   .          Rampage  .    u - +2 pair of gloves {hurl}
Will    ++...                    H - +2 pair of boots {Fly} Stlth
                                 g - amulet of Makhleb's Favour {RegenMP rElec}
HPRegen 1.17/turn                e - +6 ring of strength
MPRegen 0.61/turn                j - +5 ring of evasion

@: mighty, flying, slowed, glowing, studying Dodging, very slow
A: fangs 3, regeneration 1, magic shield, antimagic bite, no potion heal 2
}: 1/15 runes: serpentine
a: Renounce Religion, Purification, Heal Other, Heal Self, Divine Vigour


You were on level 3 of the Abyss.
You worshipped Elyvilon.
Elyvilon was exalted by your worship.
You visited 7 branches of the dungeon, and saw 30 of its levels.
You visited the Abyss 1 time.
You also visited: Bailey.

You collected 2973 gold pieces.
You spent 2544 gold pieces at shops.

Inventory:

Hand Weapons
 a - a +4 morningstar of flaming (weapon)
 T - a +0 war axe of flaming
Missiles
 r - 26 poisoned darts (quivered)
 C - a throwing net
Armour
 l - a +1 tower shield of protection (worn)
 m - a +2 cloak (worn)
 u - a +2 pair of gloves of hurling (worn)
 H - a +2 pair of boots of flying (worn)
 I - the +4 plate armour "Pinotawa" (worn) {rPois Int+5 Slay+2}
   (You found it in a bailey)

   Int:       It affects your intelligence (+5).
   Slay:      It affects your accuracy & damage with ranged weapons and melee
   (+2).
   rPois:     It protects you from poison.
 S - a +1 helmet (worn)
Jewellery
 b - a ring of resist corrosion
 e - a +6 ring of strength (left hand)
 g - the amulet of Makhleb's Favour (around neck) {RegenMP rElec}
   (You found it on level 3 of the Snake Pit)

   [amulet of magic regeneration]

   It increases your rate of magic regeneration.
   rElec:     It insulates you from electricity.
 j - a +5 ring of evasion (right hand)
 t - a ring of ice
 x - the ring of the Mage {Wiz Archmagi}
   (You took it off a deep elf blademaster on level 3 of the Elven Halls)

   [ring of wizardry]

   It improves your spell success rate.
   Archmagi:  It increases the power of your magical spells.
 F - an amulet of regeneration
Wands
 w - a wand of flame (25)
 y - a wand of charming (6)
 D - a wand of polymorph (21)
 E - a wand of digging (15)
 G - a wand of light (15)
 L - a wand of roots (42)
 R - a wand of mindburst (2)
Scrolls
 c - 3 scrolls of identify
 d - 2 scrolls of butterflies
 i - 8 scrolls of poison
 p - 22 scrolls of teleportation
 v - 2 scrolls of silence
 A - 6 scrolls of blinking
 J - 3 scrolls of fog
 K - a scroll of amnesia
 M - a scroll of enchant weapon
 Q - a scroll of magic mapping
Potions
 f - 2 potions of berserk rage
 h - 3 potions of attraction
 k - 2 potions of magic
 n - a potion of invisibility
 o - 15 potions of curing
 s - 5 potions of cancellation
 B - 6 potions of flight
 O - 2 potions of ambrosia
Miscellaneous
 z - a phantom mirror
 N - a phantom mirror


   Skills:
 + Level 13.5 Fighting
 - Level 16.0 Maces & Flails
 - Level 2.6 Throwing
 + Level 13.7 Armour
 + Level 13.0 Dodging
 - Level 1.0 Stealth
 + Level 13.4 Shields
 + Level 11.5 Invocations
 - Level 3.9 Evocations


You had 18 spell levels left.
You didn't know any spells.
Your spell library contained the following spells:

 Spells                   Type           Power      Damage    Failure   Level
 Sandblast                Erth           0%         2d4       100%        1
 Blink                    Tloc           0%         N/A       100%        2
 Cigotuvi's Dreadful Rot  Necr/Pois/Air  0%         N/A       100%        2
 Ensorcelled Hibernation  Hex/Ice        0%         N/A       100%        2
 Lesser Beckoning         Tloc           0%         N/A       100%        2
 Momentum Strike          Conj/Tloc      0%         3d8       100%        2
 Passwall                 Tmut/Erth      0%         N/A       100%        2
 Sublimation of Blood     Necr           0%         N/A       100%        2
 Wereblood                Tmut           0%         N/A       100%        2
 Call Canine Familiar     Summ           0%         N/A       100%        3
 Frozen Ramparts          Ice            0%         1d1       100%        3
 Inner Flame              Hex/Fire       0%         N/A       100%        3
 Ozocubu's Armour         Ice            0%         N/A       100%        3
 Portal Projectile        Hex/Tloc       0%         N/A       100%        3
 Spider Form              Tmut/Pois      0%         N/A       100%        3
 Stone Arrow              Conj/Erth      0%         3d7       100%        3
 Tukima's Dance           Hex            0%         N/A       100%        3
 Airstrike                Air            0%         2d(0-16)  100%        4
 Anguish                  Hex/Necr       0%         N/A       100%        4
 Animate Armour           Summ/Erth      0%         N/A       100%        4
 Cause Fear               Hex            0%         N/A       100%        4
 Ice Form                 Ice/Tmut       0%         N/A       100%        4
 Leda's Liquefaction      Hex/Erth       0%         N/A       100%        4
 Manifold Assault         Tloc           0%         N/A       100%        4
 Petrify                  Tmut/Erth      0%         N/A       100%        4
 Summon Ice Beast         Ice/Summ       0%         N/A       100%        4
 Summon Lightning Spire   Summ/Air       0%         N/A       100%        4
 Alistair's Intoxication  Tmut/Pois      0%         N/A       100%        5
 Blade Hands              Tmut           0%         N/A       100%        5
 Borgnjor's Vile Clutch   Necr/Erth      0%         N/A       100%        5
 Irradiate                Conj/Tmut      0%         3d11      100%        5
 Lightning Bolt           Conj/Air       0%         1d11      100%        5
 Metabolic Englaciation   Hex/Ice        0%         N/A       100%        5
 Summon Forest            Summ/Tloc      0%         N/A       100%        5
 Summon Mana Viper        Hex/Summ       0%         N/A       100%        5
 Yara's Violent Unravell  Hex/Tmut       0%         3d3       100%        5
 Dispersal                Tloc           0%         N/A       100%        6
 Eringya's Noxious Bog    Tmut/Pois      0%         N/A       100%        6
 Simulacrum               Ice/Necr       0%         N/A       100%        6
 Statue Form              Tmut/Erth      0%         N/A       100%        6
 Summon Cactus Giant      Summ           0%         N/A       100%        6
 Dragon Form              Tmut           0%         N/A       100%        7
 Enfeeble                 Hex            0%         N/A       100%        7
 Summon Hydra             Summ           0%         N/A       100%        7
 Discord                  Hex            0%         N/A       100%        8
 Disjunction              Tloc           0%         N/A       100%        8
 Lehudib's Crystal Spear  Conj/Erth      0%         10d2      100%        8
 Death's Door             Necr           0%         N/A       100%        9
 Dragon's Call            Summ           0%         N/A       100%        9


Dungeon Overview and Level Annotations

Branches:
Dungeon (14/15)            Temple (1/1) D:4            Lair (5/5) D:8
  Swamp (0/4) Lair:2        Snake (4/4) Lair:3        Slime (0/5) Lair:4
    Orc (2/2) D:11            Elf (3/3) Orc:2        Vaults (1/5) D:13
 Bailey (visited)

Altars:
Ashenzari
Cheibriados
Dithmenos
Elyvilon
Fedhas
Gozag
Hepliaklqana
Kikubaaqudgha
Makhleb
Nemelex Xobeh
Okawaru
Qazlal
Ru
Sif Muna
Trog
Uskayaw
Vehumet
Wu Jian
Xom
Yredelemnul
Zin
The Shining One
Jiyva

Shops:
D:1 ?   D:3 ?   D:11 :   Orc:2 :*([   Elf:1 *   Elf:3 (   Snake:1 *
Snake:4 *[!![

Annotations:
D:11 3 runed translucent doors, Iniuc's ghost, journeyman DsFi
Elf:2 3 runed translucent doors


Innate Abilities, Weirdness & Mutations

You have razor-sharp teeth.
Your natural rate of healing is unusually fast.
When hurt, damage is shared between your health and your magic reserves.
Your bite disrupts and absorbs the magic of your enemies.
Potions cannot restore your health.


Message History

The angel hits the death drake with a +2 whip of holy wrath!
The tentacled starspawn bites you!
* * * LOW HITPOINT WARNING * * *
You block the tentacled starspawn's attack.
The starspawn tentacle barely misses the angel.
The death drake bites you.
* * * LOW HITPOINT WARNING * * *
You block the wight's attack.
The angel hits the wight with a +2 whip of holy wrath!
The wight convulses!
The wight is destroyed!
The tentacled starspawn bites you. Elyvilon protects you from harm!
The tentacled starspawn closely misses you.
The starspawn tentacle grabs the angel.
The starspawn tentacle constricts the angel.
A starspawn tentacle segment comes into view.
Okay, then.
Unknown command.
Unknown command.
Unknown command.
Unknown command.
Okay, then.
Okay, then.
Okay, then.
Your system rejects the healing.
You feel better.
The substance of the Abyss twists violently, and a gateway leading out appears!
The death drake bites you but does no damage.
The angel hits the starspawn tentacle with a +2 whip of holy wrath!!
The starspawn tentacle is destroyed!
The tentacled starspawn is destroyed!
The starspawn's tentacles wither and die.
You block the death drake's attack.
The ufetubus hits you but does no damage.
The ufetubus misses you. You block the death drake's attack.
The ufetubus hits you but does no damage.
The ufetubus misses you. The death drake breathes miasma at you.
The foul vapour engulfs you!
You die...

..# ##..# ....#
###### ©.©#
##....## ####
#......#######
#.....A#*....#..
##...§k5z.©..'..
#.....@#°....#.
#....§########
###.### φ+ #..
## #. . #. #..


You could see a death drake (catching breath), a wight, an ufetubus, a lurking
horror and a neutral angel (wandering).

Vanquished Creatures
  Vashnia (Snake:2)
  A bone dragon (Abyss:3)
  Rupert (D:13)
  A hellephant (Abyss:3)
  A deep elf blademaster (Elf:3)
  Gastronok (D:12)
  Frances (D:13)
  The ghost of Renaoz the Basher, an adept HuCA of Yredelemnul (Snake:3)
  Donald (Elf:2)
  A draconian monk (Abyss:3)
  8 nagarajas
  Aizul (Snake:2)
  2 deep elf elementalists (Elf:3)
  An orc warlord (Orc:2)
  An ironbound preserver (Vaults:1)
  4 very ugly things (Vaults:1)
  2 ironbound thunderhulks (Vaults:1)
  11 deep elf annihilators
  The ghost of MinotaursOnly the Bludgeoner, a journeyman MiMo of Trog (Lair:4)
  A black draconian (Abyss:3)
  A yellow draconian (Abyss:3)
  2 deep elf demonologists (Elf:3)
  Snorg (Lair:4)
  Josephine (D:12)
  5 deep elf death magi (Elf:3)
  An ettin (Orc:1)
  Fannar (D:10)
  5 hydras
  3 deep elf high priests (Elf:3)
  4 salamander tyrants
  3 vault guards (D:13)
  4 two-headed ogres
  2 ghost crabs (Lair:2)
  6 anacondas
  2 catoblepae
  An ice dragon (Lair:5)
  19 dancing weapons
  8 naga warriors
  A centaur warrior (D:9)
  4 boulder beetles
  6 death yaks
  2 tengu warriors (D:13)
  7 shock serpents
  A thrashing horror (Abyss:3)
  16 naga sharpshooters
  3 orc high priests
  Sonja (Orc:1)
  11 deep elf knights
  2 fire crabs
  A wretched star (Abyss:3)
  A skeletal warrior (D:12)
  3 deep trolls (Vaults:1)
  5 salamander mystics
  A spectral death yak (Lair:2)
  13 deep elf archers
  A shadow demon (Abyss:3)
  4 naga ritualists
  A glowing orange brain (Abyss:3)
  A lindwurm (Lair:5)
  A wizard (D:13)
  A harpy (shapeshifter) (D:12)
  9 orc knights
  A harpy (Vaults:1)
  26 deep elf pyromancers
  11 starcursed masses (Abyss:3)
  3 mana vipers
  4 orc sorcerers
  17 deep elf zephyrmancers
  A wolf spider (Lair:5)
  The ghost of Esper the Ducker, a novice SpVM (D:8)
  3 ugly things
  13 salamanders
  6 cyclopes
  4 centaur zombies (D:12)
  2 manticores (D:12)
  4 draconians (Abyss:3)
  26 black mambas
  5 guardian serpents
  An elephant (Lair:2)
  5 torpor snails
  18 naga magi
  10 centaur skeletons (D:12)
  Joseph (D:7)
  A smoke demon (Abyss:3)
  A hellion (Abyss:3)
  22 cane toads
  An unseen horror (D:11)
  2 rime drakes
  9 komodo dragons
  A yaktaur (shapeshifter) (Abyss:3)
  A yaktaur (D:13)
  A meliai (shapeshifter) (D:13)
  6 polar bears
  A hellwing (Abyss:3)
  4 tyrant leeches (Lair:5)
  4 trolls
  10 hornets
  7 dream sheep (Lair:4)
  A raiju (Abyss:3)
  Prince Ribbit (D:7)
  31 blink frogs
  3 shadows
  20 wyverns
  4 flying skulls (D:12)
  A water elemental (Elf:1)
  5 slime creatures (D:12)
  A spriggan (Lair:4)
  2 air elementals
  6 fire elementals
  6 wraiths
  20 humans (D:13)
  42 yaks
  A ynoxinul (Abyss:3)
  A vampire (D:9)
  3 basilisks
  2 spectral komodo dragons (Lair:2)
  2 redbacks (Lair:5)
  A steam dragon (D:6)
  3 vampire mosquitoes
  2 spectral cane toads (Lair:2)
  4 wargs
  Edmund (D:4)
  An acid dragon (D:8)
  60 nagas
  20 water moccasins
  Duvessa (D:7)
  34 orc warriors
  2 spectral yaks (Lair:2)
  6 ice beasts
  2 sky beasts
  2 large abominations (Abyss:3)
  6 wolves
  10 ogres
  A boggart (Lair:4)
  2 black bears (Lair:4)
  6 centaurs
  A phantom (D:5)
  A kobold brigand (D:9)
  Blork the orc (D:5)
  3 gnoll sergeants (D:9)
  7 earth elementals
  3 small abominations (Abyss:3)
  16 bullfrogs
  4 necrophages (Lair:3)
  3 scorpions
  15 wights
  Dowan (D:7)
  7 killer bees
  2 electric eels
  9 howler monkeys
  2 quasits (Abyss:3)
  2 hounds
  16 orc priests
  Crazy Yiuf (D:4)
  A gnoll bouda (D:6)
  A jelly (D:6)
  Jessica (D:2)
  2 iguanas (D:4)
  Ijyb (D:4)
  21 orc wizards
  A boggart skeleton (D:12)
  A centaur simulacrum (D:9)
  4 gnolls (D:6)
  8 adders
  2 white imps
  2 ufetubi
  2 worms
  A dart slug (D:3)
  79 orcs
  7 bats
  2 endoplasms
  3 giant cockroaches
  7 goblins
  3 hobgoblins
  12 jackals
  A quokka (D:2)
  8 ball pythons
  4 frilled lizards
  9 kobolds
  5 rats
1038 creatures vanquished.

Vanquished Creatures (others)
  A tentacled starspawn (Abyss:3)
  2 deep elf knights
  A deep elf archer (Elf:1)
  A deep elf zephyrmancer (Elf:3)
  An air elemental (Elf:2)
  A wight (Abyss:3)
  A bush (Lair:5)
  36 fungi
  92 plants
  5 starspawn tentacles (Abyss:3)
141 creatures vanquished.

Grand Total: 1179 creatures vanquished

Notes
Turn   | Place    | Note
-------+----------+-------------------------------------------
     0 | D:1      | malesh the Vine Stalker Fighter began the quest for the
                  | Orb.
     0 | D:1      | Reached XP level 1. HP: 11/11 MP: 2/2
    70 | D:1      | Got Sif Muna's Cyclopedia of the Evil Snowflakes
    78 | D:1      | Found Mopturic's Magic Scroll Shoppe.
   124 | D:1      | Reached XP level 2. HP: 16/16 MP: 3/3
   363 | D:1      | Reached skill level 2 in Maces & Flails
   530 | D:1      | Bought a scroll of identify for 26 gold pieces
   586 | D:2      | Reached XP level 3. HP: 19/19 MP: 4/4
   605 | D:2      | Noticed Jessica
   608 | D:2      | Killed Jessica
   614 | D:2      | Gained mutation: Your natural rate of healing is unusually
                  | fast. [Vine Stalker growth]
   614 | D:2      | Reached XP level 4. HP: 24/24 MP: 5/5
  1088 | D:3      | Found Wil Zuk's Magic Scroll Boutique.
  1096 | D:3      | Reached skill level 3 in Maces & Flails
  1099 | D:3      | Bought a scroll of teleportation for 42 gold pieces
  1397 | D:3      | Reached XP level 5. HP: 23/28 MP: 6/6
  1671 | D:4      | Noticed Edmund
  1682 | D:4      | Killed Edmund
  1683 | D:4      | Reached XP level 6. HP: 32/32 MP: 7/7
  1747 | D:4      | Noticed Ijyb
  1751 | D:4      | Killed Ijyb
  1752 | D:4      | Reached skill level 4 in Maces & Flails
  1830 | D:4      | Found a staircase to the Ecumenical Temple.
  1839 | Temple   | Entered the Ecumenical Temple
  2696 | D:4      | Found a runed translucent door.
  2697 | D:4      | Noticed Crazy Yiuf
  2753 | Temple   | Became a worshipper of Elyvilon the Healer
  3186 | D:5      | Entered Level 5 of the Dungeon
  3226 | D:5      | Reached XP level 7. HP: 36/36 MP: 6/8
  3343 | D:5      | Reached skill level 1 in Stealth
  3394 | D:5      | Reached skill level 5 in Maces & Flails
  3469 | D:5      | Noticed Blork the orc
  3483 | D:5      | Killed Blork the orc
  3908 | D:6      | Reached * piety under Elyvilon
  4014 | D:3      | Bought a scroll of identify for 28 gold pieces
  4014 | D:3      | Bought a scroll of identify for 28 gold pieces
  4014 | D:3      | Bought a scroll of identify for 28 gold pieces
  4014 | D:3      | Bought a scroll of identify for 28 gold pieces
  4170 | D:6      | Gained mutation: You have razor-sharp teeth. [Vine Stalker
                  | growth]
  4170 | D:6      | Reached XP level 8. HP: 42/42 MP: 9/9
  4240 | D:6      | Reached skill level 6 in Maces & Flails
  4240 | D:6      | Reached skill level 1 in Dodging
  4804 | D:7      | Reached skill level 7 in Maces & Flails
  4839 | D:7      | Found a sacrificial altar of Ru.
  4861 | D:7      | Reached XP level 9. HP: 46/46 MP: 10/10
  4896 | D:7      | Reached ** piety under Elyvilon
  5050 | D:7      | Reached skill level 5 in Armour
  5085 | D:7      | Reached skill level 5 in Shields
  5155 | D:7      | Noticed Duvessa
  5155 | D:7      | Noticed Dowan
  5164 | D:7      | Killed Duvessa
  5172 | D:7      | Killed Dowan
  5231 | D:7      | Noticed Prince Ribbit
  5241 | D:7      | Killed Prince Ribbit
  5311 | D:7      | Reached skill level 5 in Fighting
  5376 | D:7      | Noticed Joseph
  5400 | D:7      | Killed Joseph
  5603 | D:8      | Reached skill level 8 in Maces & Flails
  5616 | D:7      | Reached skill level 1 in Throwing
  5627 | D:7      | Reached XP level 10. HP: 48/51 MP: 11/11
  5688 | D:8      | Found a staircase to the Lair.
  5726 | D:8      | Reached *** piety under Elyvilon
  5737 | D:8      | Found a basalt altar of Yredelemnul.
  5737 | D:8      | Found a glowing silver altar of Zin.
  5738 | D:8      | Found a snail-covered altar of Cheibriados.
  5824 | D:8      | Found a flagged portal.
  5838 | Bailey   | Entered a bailey
  5909 | Bailey   | Noticed an orc knight
  6024 | Bailey   | Killed an orc knight
  6025 | Bailey   | Reached skill level 1 in Evocations
  6045 | Bailey   | Identified the +4 plate armour "Pinotawa" {rPois Int+5
                  | Slay+2}
  6083 | Bailey   | Reached skill level 9 in Maces & Flails
  6169 | D:8      | Found a runed translucent door.
  6170 | D:8      | Found a shimmering altar of Xom.
  6170 | D:8      | Noticed a +2 scimitar of chaos
  6170 | D:8      | Noticed Esper's ghost (novice SpVM)
  6535 | D:8      | Reached **** piety under Elyvilon
  6700 | D:9      | Noticed a two-headed ogre
  6781 | D:9      | Noticed a deep elf pyromancer
  6791 | D:9      | Killed a deep elf pyromancer
  6956 | D:9      | Killed a two-headed ogre
  6957 | D:9      | Reached XP level 11. HP: 42/56 MP: 12/12
  6987 | D:9      | Noticed a centaur warrior
  6998 | D:9      | Killed a centaur warrior
  7047 | D:9      | Noticed a green ugly thing
  7054 | D:9      | Killed a green ugly thing
  7088 | D:9      | Noticed a boulder beetle
  7152 | Lair:1   | Entered Level 1 of the Lair of Beasts
  7492 | Lair:1   | Reached skill level 10 in Maces & Flails
  7734 | Lair:1   | Reached ***** piety under Elyvilon
  8241 | Lair:2   | Reached XP level 12. HP: 28/62 MP: 10/13
  8490 | Lair:2   | Reached skill level 11 in Maces & Flails
  8501 | Lair:2   | Found a staircase to the Swamp.
  8501 | Lair:2   | Noticed a ghost crab
  8501 | Lair:2   | Noticed a ghost crab
  8855 | Lair:2   | Killed a ghost crab
  9113 | Lair:2   | Noticed a boulder beetle
  9134 | Lair:2   | Killed a boulder beetle
  9453 | Lair:2   | Killed a ghost crab
  9454 | Lair:2   | Reached skill level 12 in Maces & Flails
  9699 | Lair:2   | Identified the +1 robe "Damnable Contraption" {rF+ Str+3}
 10029 | Lair:2   | Reached XP level 13. HP: 68/68 MP: 14/14
 10420 | Lair:3   | Found a staircase to the Snake Pit.
 10885 | Lair:3   | Identified the +5 whip "Saumorpheomm" {freeze, Dex+6}
 10892 | Lair:3   | You are sucked into a shaft and drop 2 floors!
 10892 | Lair:5   | Entered Level 5 of the Lair of Beasts
 11013 | Lair:3   | Reached skill level 10 in Armour
 11233 | Lair:3   | Reached skill level 13 in Maces & Flails
 11286 | Lair:3   | Reached skill level 1 in Invocations
 11668 | Lair:4   | Identified the +8 hand axe of Agoaserch {vamp, *Slow rElec
                  | Int+8 Dex-4}
 11833 | Lair:4   | Noticed Snorg
 11848 | Lair:4   | Killed Snorg
 11865 | Lair:4   | Found a viscous altar of Jiyva.
 11866 | Lair:4   | Found a staircase to the Slime Pits.
 11910 | Lair:4   | Found a runed translucent door.
 11913 | Lair:4   | Noticed MinotaursOnly's ghost (journeyman MiMo)
 12102 | Lair:4   | Identified the +10 short sword "Ytroaw" {flame, Str+2
                  | Dex+3}
 12105 | Lair:4   | Identified the +6 trident "Awo Acap" {distort, Will+ SInv}
 12226 | Lair:4   | Reached ****** piety under Elyvilon
 12406 | Lair:4   | Reached XP level 14. HP: 52/74 MP: 13/17
 12859 | D:4      | Killed Crazy Yiuf
 13845 | Lair:5   | Reached skill level 5 in Dodging
 14201 | Lair:5   | Found a runed translucent door.
 14270 | Lair:5   | Paralysed by a hornet for 3 turns
 15892 | D:9      | Reached skill level 5 in Invocations
 16016 | D:9      | Identified the +4 falchion "Nomafiosch" {flame, rElec
                  | rPois}
 16066 | D:10     | Entered Level 10 of the Dungeon
 16163 | D:10     | Noticed Fannar
 16174 | D:10     | Killed Fannar
 16780 | D:11     | Reached XP level 15. HP: 75/80 MP: 16/19
 17198 | D:11     | Reached skill level 10 in Fighting
 17242 | D:11     | Found a runed translucent gate.
 17242 | D:11     | Found a runed translucent gate.
 17242 | D:11     | Found a runed translucent gate.
 17243 | D:11     | Noticed Iniuc's ghost (journeyman DsFi)
 17396 | D:11     | Found Konidog's Book Shoppe.
 17485 | D:11     | Found a staircase to the Orcish Mines.
 17560 | Orc:1    | Entered Level 1 of the Orcish Mines
 17650 | Orc:1    | Noticed Sonja
 17684 | Orc:1    | Killed Sonja
 17943 | Orc:1    | Reached skill level 10 in Shields
 18169 | Orc:2    | Entered Level 2 of the Orcish Mines
 18171 | Orc:2    | Found a staircase to the Elven Halls.
 18238 | Orc:2    | Reached skill level 14 in Maces & Flails
 18799 | Orc:2    | Noticed an orc warlord
 18820 | Orc:2    | Killed an orc warlord
 18914 | Orc:2    | Found Luedwet's General Store.
 18925 | Orc:2    | Bought 3 scrolls of teleportation for 108 gold pieces
 18925 | Orc:2    | Bought a scroll of magic mapping for 90 gold pieces
 18925 | Orc:2    | Bought a potion of invisibility for 96 gold pieces
 18964 | Orc:2    | Found Abiumex's Antique Armour Shoppe.
 18993 | Orc:2    | Found Tawniciq's Antique Weapon Shoppe.
 19008 | Orc:2    | Found Repitile's Book Shoppe.
 19015 | Orc:2    | Bought a manual of Dodging for 1360 gold pieces
 19479 | D:8      | Killed Esper's ghost
 19783 | Lair:4   | Killed MinotaursOnly's ghost
 19823 | Snake:1  | Entered Level 1 of the Snake Pit
 20328 | Snake:1  | Found Diyduc's Specific Store.
 20330 | Snake:1  | Found Ymozof's General Store.
 20334 | Snake:1  | Bought a scroll of enchant weapon for 135 gold pieces
 20334 | Snake:1  | Bought a scroll of identify for 36 gold pieces
 20339 | Snake:1  | Bought a scroll of enchant weapon for 112 gold pieces
 21112 | Snake:2  | Identified the +8 flail of Viny Fortitude {heavy, Stlth+}
 21337 | Snake:2  | Noticed a nagaraja
 21376 | Snake:2  | Killed a nagaraja
 21652 | Snake:2  | Reached XP level 16. HP: 68/86 MP: 16/22
 22227 | Snake:2  | Noticed Vashnia
 22244 | Snake:2  | Killed Vashnia
 22255 | Snake:2  | HP: 3/87 [naga sharpshooter/arrow[Vashnia] (10)]
 22784 | Snake:3  | Found a runed translucent door.
 22785 | Snake:3  | Noticed Renaoz's ghost (adept HuCA)
 22792 | Snake:3  | Noticed Aizul
 22798 | Snake:3  | Noticed a nagaraja
 23108 | Snake:2  | Killed Aizul
 23521 | Snake:3  | Killed a nagaraja
 24077 | Snake:3  | Killed Renaoz's ghost
 24079 | Snake:3  | Identified the amulet of Makhleb's Favour {RegenMP rElec}
 24113 | Snake:4  | Entered Level 4 of the Snake Pit
 24307 | Snake:4  | Found Liulu's General Store.
 24552 | Snake:4  | Found Umpunet's Antique Armour Shoppe.
 24554 | Snake:4  | Found Isooramn's Distillery.
 24558 | Snake:4  | Found Libabes's Distillery.
 24571 | Snake:4  | Bought a potion of degeneration for 14 gold pieces
 24614 | Snake:4  | Found Haympigo's Armour Shop.
 24622 | Snake:4  | Bought a +1 pair of gloves of hurling for 280 gold pieces
 24909 | Snake:4  | Noticed a nagaraja
 24915 | Snake:4  | Reached XP level 17. HP: 77/92 MP: 24/24
 25759 | Snake:4  | Reached skill level 15 in Maces & Flails
 25850 | Snake:4  | Reached skill level 10 in Dodging
 25924 | Snake:4  | Got a serpentine rune of Zot
 26392 | D:12     | Noticed Josephine
 26425 | D:12     | Killed Josephine
 26495 | D:12     | Identified the +1 pair of boots "Inynk" {Contam Will- rCorr
                  | Int+6}
 26861 | D:12     | Noticed Gastronok
 26878 | D:12     | Killed Gastronok
 27372 | D:13     | Noticed Rupert
 27388 | D:13     | Killed Rupert
 27698 | D:13     | Found a gate to the Vaults.
 27815 | D:13     | You are sucked into a shaft and drop 1 floor!
 28070 | D:13     | Noticed Frances
 28089 | D:13     | Killed Frances
 28444 | Vaults:1 | Entered Level 1 of the Vaults
 28526 | Vaults:1 | Reached XP level 18. HP: 91/98 MP: 26/26
 28780 | Elf:1    | Entered Level 1 of the Elven Halls
 28836 | Elf:1    | Reached skill level 10 in Invocations
 29466 | Elf:1    | Found Acurchown's General Store.
 29472 | Elf:1    | Bought a scroll of identify for 28 gold pieces
 29472 | Elf:1    | Bought a scroll of enchant armour for 105 gold pieces
 30285 | Elf:2    | Found a runed translucent gate.
 30286 | Elf:2    | Found a runed translucent gate.
 30286 | Elf:2    | Found a runed translucent gate.
 30503 | Elf:2    | Noticed Donald
 30513 | Elf:2    | Killed Donald
 30980 | Elf:3    | Entered Level 3 of the Elven Halls
 31117 | Elf:3    | Found Hica's Weapon Boutique.
 31354 | Elf:3    | Reached XP level 19. HP: 43/104 MP: 28/28
 31392 | Elf:3    | Reached skill level 16 in Maces & Flails
 31603 | Elf:3    | Paralysed by an air elemental for 1 turns
 31662 | Elf:3    | Identified the ring "Komom" {rElec rF+ rC+ Will+}
 31664 | Abyss:3  | Found a corrupted altar of Lugonu.
 31664 | Abyss:3  | Cast into level 3 of the Abyss (a deep elf sorcerer)
 31751 | Abyss:3  | Found a corrupted altar of Lugonu.
 31855 | Abyss:3  | Noticed a bone dragon
 31884 | Abyss:3  | Killed a bone dragon
 31886 | Abyss:3  | Found an opulent altar of Gozag.
 31894 | Abyss:3  | Found a transporter.
 31909 | Abyss:3  | Noticed a hellephant
 31927 | Abyss:3  | Found a transporter.
 31934 | Abyss:3  | Killed a hellephant
 31941 | Abyss:3  | Paralysed by accursed screaming for 1 turns
 31966 | Abyss:3  | HP: 5/105 [poisoned by a death drake (dark miasma)]
 31966 | Abyss:3  | HP: 2/105 [tentacled starspawn (3)]
 31966 | Abyss:3  | Elyvilon protects you from harm!
 31968 | Abyss:3  | Killed from afar by a death drake

Illustrated notes

Levels and vault maps discovered:
D:1:      scummos_arrival_simple_fountains, layout_rooms, serial_shops,
          nicolae_shop_window_shopping, minmay_nonomino_d4
D:2:      layout_rooms, kennysheep_nub, nicolae_concentric_dashed_squares_wild,
          uniq_jessica
D:3:      layout_loops_ring, serial_shops, shop
D:4:      layout_layer_cave, minmay_temple_entry_crystal_x,
          chequers_hall_statues_wall_a, hangedman_decor_riveting, uniq_edmund,
          uniq_crazy_yiuf_cottage, uniq_ijyb
D:5:      layout_rooms, uniq_blork_the_orc
D:6:      layout_loops_ring
D:7:      layout_basic, mainiacjoe_overflow_paths, uniq_duvessa, uniq_joseph,
          uniq_prince_ribbit1
D:8:      layout_basic, gammafunk_temple_overflow_claw, hellmonk_lair_entry_icy,
          ebering_ghost_xom, enter_bailey_3
D:9:      minmay_the_grid_plus [minmay_the_grid_fan,
          minmay_the_grid_minigrid_small, minmay_the_grid_embedded,
          minmay_the_grid_large_cup, minmay_the_grid_prize_shrinking_boxes],
          layout_small_grid
D:10:     layout_loops_cross, uniq_fannar
D:11:     layout_long_grid, erik_orc_2, serial_shops, nicolae_lakefront_shop,
          gammafunk_ghost_necromancy
D:12:     hangedman_screamer, layout_loops_ring, kb_rosetta, uniq_gastronok
D:13:     layout_stronghold, grunt_vaults_entry_tiered, uniq_rupert,
          uniq_frances
D:14:     layout_cross, elyvilon_altar_5
Temple:   regret_index_temple_chain_breaker
Lair:1:   layout_cave_pods, serial_bayou_shore_a
Lair:2:   nzn_winding_woodlands_medium [nzn_winding_woodlands_5x5_three,
          nzn_winding_woodlands_5x15_sidewinder,
          nzn_winding_woodlands_5x5_cross,
          nzn_winding_woodlands_5x5_closed_star,
          nzn_winding_woodlands_center_triple_pond,
          nzn_winding_woodlands_5x5_open_star,
          nzn_winding_woodlands_5x5_default, nzn_winding_woodlands_5x15_garden,
          nzn_winding_woodlands_hourglass], layout_cave_pods,
          nicolae_swamp_entry_spooky, hibernation_bobbens
Lair:3:   layout_loops_ring, minmay_snake_entry_guardpost_small,
          roderic_carrion_pond, grunt_megastairs_4, infiniplex_staircase_pool_2
Lair:4:   layout_long_grid, slime_entry_1, portal_ice_cave_entry_pillars_2,
          ebering_ghost_funeral_grove, uniq_snorg, uniq_josephine
Lair:5:   wormcave, layout_cave_pods, hangedman_lair_tendril_chambers,
          lemuel_fruit_fields
Snake:1:  layout_concentric_octagons, nicolae_specific_store, library_closet
Snake:2:  layout_basic, grunt_megastairs_5, uniq_vashnia
Snake:3:  layout_onion_interference, gammafunk_ghost_grave, uniq_aizul
Snake:4:  minmay_snake_end_coiled, layout_cave_shapes, serial_shops,
          shop_fountains, shop, minmay_shop_star
Orc:1:    layout_diamond_mine, uniq_sonja
Orc:2:    grunt_orc_cross, layout_diamond_mine
Elf:1:    nicolae_elf_arrival_fired_up, layout_loops_corners, serial_shops,
          shop, minivault_28, st_stairs_5, nicolae_elf_big_sculpture_1,
          serial_sigils_hangedman_quiver
Elf:2:    nicolae_elf_blades_crystal_corner, layout_onion_city, uniq_donald
Elf:3:    nooodl_elf_gasket, layout_geoelf_grid, serial_shops, shop
Vaults:1: ontoclasm_vaults_misaligned, vaults_mumra_minichess,
          vaults_room_hangedman_quadrants, ontoclasm_vaults_pinch,
          grunt_vaults_bifocal, nicolae_vaults_inception_statues,
          hangedman_vaults_slice, nicolae_vaults_puzzle_piece,
          vaults_standard_mumra_enter_the_diamond, nicolae_vaults_rhombus_6,
          vaults_dpeg_hooks, dpeg_vaults_monster_box, vaults_dpeg_ring,
          layout_vaults_maze_snakey, uniq_nikola
Abyss:3:  base: D:5, base: D:10, evilmike_abyss_exit_9,
          evilmike_abyss_exit_vortex, hangedman_abyss_feature_spike,
          gammafunk_abyss_exit_x_factor, gammafunk_abyss_rune_reverse_zot,
          gammafunk_abyss_rune_reverse_zot, evilmike_abyss_exit_2

Skill      XL: |  1  2  3  4  5  6  7  8  9 10 11 12 13 14 15 16 17 18 19 |
---------------+----------------------------------------------------------+-----
Maces & Flails | 2 3 4 5 7 8 9 10 12 13 14 15 16 | 16.0
Shields        | 3 4 5 6 7 8 9 10 11 12 13 | 13.4
Fighting       | 3 4 5 6 7 8 9 10 11 12 13 | 13.5
Armour         | 3 4 6 7 8 9 10 11 12 13 | 13.7
Stealth        | 1 |  1.0
Dodging        | 1 2 3 4 5 7 9 11 12 13 | 13.0
Throwing       | 1 2 |  2.6
Evocations     | 3 |  3.9
Invocations    | 2 5 7 8 9 10 11 | 11.5

Action                     |  1- 3 |  4- 6 |  7- 9 | 10-12 | 13-15 | 16-18 | 19-21 || total
---------------------------+-------+-------+-------+-------+-------+-------+-------++-------
  Melee: Flail             |    51 |   129 |   189 |   483 |  1192 |   285 |       ||  2329
         Bite              |     7 |    27 |    48 |   168 |   458 |   567 |    89 ||  1364
         Morningstar       |       |       |       |       |    97 |  1117 |   205 ||  1419
  Throw: Dart              |       |       |     6 |    13 |     1 |       |       ||    20
         Throwing net      |       |       |       |       |     1 |       |       ||     1
 Invoke: Heal Self         |       |       |       |       |     4 |     5 |     1 ||    10
         Heal Other        |       |       |       |       |     1 |       |     3 ||     4
         Purification      |       |       |       |       |       |     3 |       ||     3
         Divine Vigour     |       |       |       |       |       |     1 |       ||     1
  Evoke: Wand              |       |       |     2 |    21 |    12 |     2 |       ||    37
    Use: Scroll            |     3 |     4 |    12 |     3 |    12 |    10 |       ||    44
         Potion            |       |     2 |     2 |     2 |     2 |     4 |     3 ||    15
   Stab: Invisible         |       |       |       |       |     5 |       |       ||     5
         Held in net/web   |       |       |       |       |     1 |       |       ||     1
 Armour: Scale mail        |    17 |    42 |    64 |    37 |       |       |       ||   160
         Plate armour      |       |       |       |   252 |   511 |   543 |    71 ||  1377
         Ring mail         |       |       |       |       |     4 |       |       ||     4
  Dodge: Dodged            |    19 |    41 |    88 |   198 |   577 |   637 |   102 ||  1662
  Block: Buckler           |    16 |    65 |    64 |   109 |   313 |    35 |       ||   602
         Reflection        |       |     1 |     4 |       |       |       |       ||     5
         Tower shield      |       |       |       |       |       |  1231 |   176 ||  1407

Table legend: (Time is in decaauts)
 A = Elapsed time spent in this place.
 B = Non-inter-level travel time spent in this place.
 C = Inter-level travel time spent in this place.
 D = Time resting spent in this place.
 E = Time spent auto-exploring this place.
 F = Levels seen in this place.
 G = Mean time per level.
                   A        B        C        D        E       F      G
               +--------+--------+--------+--------+--------+-----+--------+
         Total |  31752 |  28242 |   3510 |   2584 |  17665 |  32 |  992.2 |
       Dungeon |  11638 |  10374 |   1264 |    399 |   7590 |  14 |  831.3 |
        Temple |    147 |    133 |     14 |      0 |    113 |   1 |  147.0 |
          Lair |   8817 |   7358 |   1459 |    991 |   4480 |   5 | 1763.4 |
     Snake Pit |   6039 |   5502 |    537 |    894 |   2806 |   4 | 1509.8 |
  Orcish Mines |   1522 |   1409 |    113 |     99 |    853 |   2 |  761.0 |
   Elven Halls |   2861 |   2741 |    120 |    195 |   1592 |   3 |  953.7 |
        Vaults |    122 |    122 |      0 |      0 |     28 |   1 |  122.0 |
         Abyss |    285 |    285 |      0 |      0 |     85 |   1 |  285.0 |
        Bailey |    318 |    318 |      0 |      4 |    117 |   1 |  318.0 |
               +--------+--------+--------+--------+--------+-----+--------+

Top non-repeatable levels by time:
  Lair:2: 2400 daAuts
 Snake:2: 2171 daAuts
  Lair:5: 1989 daAuts
 Snake:4: 1678 daAuts
  Lair:4: 1540 daAuts
  Lair:1: 1504 daAuts
     D:4: 1458 daAuts
    D:13: 1424 daAuts
  Lair:3: 1382 daAuts
   Elf:1: 1214 daAuts
 Snake:1: 1170 daAuts
    D:11: 1046 daAuts
     D:8: 1026 daAuts
 Snake:3: 1019 daAuts
   Elf:2: 970 daAuts
